 Dungeon Crawl Stone Soup version 0.27.1 (webtiles) character file.

Game seed: 9092185629411619332

38 DoubleLucky the Firebug (level 3, -2/26 HPs)
             Began as a Draconian Fire Elementalist on Aug 21, 2021.
             Slain by a gnoll (6 damage)
             ... on level 2 of the Dungeon.
             The game lasted 00:04:55 (1237 turns).

DoubleLucky the Firebug (DrFE)                      Turns: 1237, Time: 00:04:56

Health: -2/26      AC:  6    Str: 10    XL:     3   Next: 25%
Magic:  2/6        EV: 12    Int: 16    God:
Gold:   69         SH:  0    Dex: 11    Spells: 6/7 levels left

rFire    . . .     SeeInvis .   f - +0 dagger
rCold    . . .     Faith    .   (no shield)
rNeg     . . .     Spirit   .   (armour unavailable)
rPois    .         Reflect  .   (helmet restricted)
rElec    .         Harm     .   (no cloak)
rCorr    .         Rampage  .   d - +0 pair of gloves
Will     .....                  (no boots)
Stlth    ++........             (no amulet)
HPRegen  0.08/turn              (no ring)
MPRegen  0.10/turn              (no ring)

@: no status effects
A: AC +5, unfitting armour, cold-blooded
a: no special abilities


You were on level 2 of the Dungeon.
You visited 1 branch of the dungeon, and saw 2 of its levels.

You collected 69 gold pieces.

Inventory:

Hand Weapons
 f - a +0 dagger (weapon)
Missiles
 a - a throwing net
Armour
 d - a +0 pair of gloves (worn)
Scrolls
 c - 3 scrolls of magic mapping {unknown}
 g - a scroll of torment {unknown}
 h - 2 scrolls of teleportation {unknown}
Potions
 b - a potion of berserk rage {unknown}
 e - a potion of heal wounds {unknown}


   Skills:
 - Level 1.7 Dodging
 - Level 1.7 Stealth
 + Level 2.6 Spellcasting
 + Level 1.9 Conjurations
 + Level 3.5 Fire Magic


You had 6 spell levels left.
You knew the following spells:

 Your Spells              Type           Power      Damage    Failure   Level
a - Foxfire               Conj/Fire      40%        2x1d6     6%          1

Your spell library contained the following spells:

 Spells                   Type           Power      Damage    Failure   Level
 Conjure Flame            Conj/Fire      10%        6-21      19%         3
 Inner Flame              Hex/Fire       7%         N/A       28%         3
 Gell's Gravitas          Tloc           1%         N/A       52%         3
 Portal Projectile        Hex/Tloc       4%         N/A       52%         3
 Teleport Other           Tloc           2%         N/A       52%         3
 Sticky Flame             Conj/Fire      10%        2d3       54%         4
 Fireball                 Conj/Fire      5%         3d5       87%         5
 Blade Hands              Tmut           1%         N/A       99%         5
 Excruciating Wounds      Necr           1%         N/A       99%         5
 Dispersal                Tloc           1%         N/A       100%        6


Dungeon Overview and Level Annotations

Branches:
Dungeon (2/15)

Altars:


Innate Abilities, Weirdness & Mutations

Your plain brown scales are hard. (AC +5)
You cannot fit into any form of body armour.
You are cold-blooded and may be slowed by cold attacks.


Message History

The foxfire hits the gnoll but does no damage.
The gnoll is lightly wounded.
The foxfire hits the gnoll.
The gnoll is moderately wounded.
The gnoll hits the plant with a +0 spear.
The plant begins to die.
Something bites the bush but does no damage.
Casting: Foxfire (safe; 6% risk of failure)
Confirm with . or Enter, or press ? or * to list all spells.
You conjure some foxfire!
Something bites the bush but does no damage.
The foxfire hits the gnoll.
The gnoll is severely wounded.
The foxfire hits the gnoll.
The gnoll is severely wounded.
A nearby plant withers and dies.
Casting: Foxfire (safe; 6% risk of failure)
Confirm with . or Enter, or press ? or * to list all spells.
You conjure some foxfire!
The foxfire hits the gnoll but does no damage.
The gnoll is severely wounded.
The gnoll hits you but does no damage.
The foxfire hits the gnoll.
The gnoll is severely wounded.
The gnoll hits you from afar with a +0 spear!
The gnoll misses you.
You barely miss the gnoll.
The gnoll is severely wounded.
The gnoll hits you from afar with a +0 spear.
The gnoll closely misses you.
You completely miss the gnoll.
The gnoll is severely wounded.
The gnoll misses you. The gnoll closely misses you.
You barely miss the gnoll.
The gnoll is severely wounded.
The gnoll hits you from afar with a +0 spear.
The gnoll hits you with a +0 flail.
* * * LOW HITPOINT WARNING * * *
The gnoll hits you with a +0 flail.
You die...

..# #..# #.####....
.....## #..####.##......
.....#
#####...............
..#.###.......##..########
|P...#.###...#.).# .
♣♣♣♣.P...##........# .♣♣
♣.P♣...#...........#
.P.♣♣♣♣P.P.....g.........#
P..P..♣.).....g.@....†...#
........##....#..........#
..#...####....####.......#
# #.###.........##.#..#..#
#.# #♣#♣#♣#♣#♣##.#.#.....
#.. #......... ...♣ g...
.##...


You could see 2 gnolls.

Vanquished Creatures
  A gnoll (D:2)
  A ball python (D:2)
  2 endoplasms (D:1)
  2 giant cockroaches (D:1)
  2 goblins (D:1)
  4 jackals (D:1)
  A kobold (D:2)
  2 quokkas (D:1)
  5 bats
  5 frilled lizards (D:1)
  2 rats (D:1)
27 creatures vanquished.

Vanquished Creatures (others)
  74 foxfires
  5 plants (D:2)
79 creatures vanquished.

Grand Total: 106 creatures vanquished

Notes
Turn   | Place    | Note
-------+----------+-------------------------------------------
     0 | D:1      | DoubleLucky the Draconian Fire Elementalist began the quest
                  | for the Orb.
     0 | D:1      | Reached XP level 1. HP: 14/14 MP: 3/3
   396 | D:1      | Reached XP level 2. HP: 20/20 MP: 3/5
  1184 | D:2      | Reached XP level 3. HP: 26/26 MP: 4/6
  1237 | D:2      | Slain by a gnoll

Illustrated notes

Levels and vault maps discovered:
D:1:      wander_arrival_desolate, layout_basic
D:2:      layout_rooms, serial_forest, infiniplex_forest_lined_4_way,
          infiniplex_forest_clump_long, infiniplex_forest_lined_room_2,
          infiniplex_forest_clump_double, infiniplex_forest_end_double,
          infiniplex_forest_lined_3, infiniplex_forest_clump_medium,
          infiniplex_forest_3_way, hellmonk_ecumenical_altar_inner_sanctum,
          st_stairs_8

Action                   || total
-------------------------++-------
Melee: Unarmed           ||     4
       Dagger            ||    10
 Cast: Foxfire           ||    48
Armor: Skin              ||     9
Dodge: Dodged            ||    25
